Steven, lawful male human Samurai ------ ---- ---- ------- ---....| |..| |..| --..|..| -----......-- |..-----..| |......| --.... ---.....).....--- |-...|...---|......| ---..|..).--- --...............---- |.^..|.....--......| -..........[.----- |...................---..................| --........ ...%..............|--.................[.....................-- |.......(.....%%.........<.....|.%...................>...................| |..............................^).......................................------ |...|........................*...............`...........................|-..| |...|....................................................................|...| ----.........................^........|.....................................-- |.....[[[.........|............ |.......^.......................^....-- --.....%--...%%...| ........... |....................................| |.......|--%.|...|. .... ------...|...............---........-- --......| |..|..%.-- |...|...............| |........| ---....| ------...| |..|...-----......--- ---...|..| --..| ---|..-- |)...|..| ----|..| ---- ---- -----|..| ---- ---- Steven the Ryoshu Experience level: 16 Strength: 18/21 Dexterity: 19 Constitution: 18 Intelligence: 13 Wisdom: 16 Charisma: 11 Health: 153(153) Energy: 74(74) Def: 21 Gold: 0 Moves: 33125 Dungeon seed: wIlbLoxh22aHBFpf Game ID: Steven_1440029381 Your Inventory: Amulets S - an uncursed amulet of reflection (being worn) Weapons a - the blessed +6 Tsurugi of Muramasa (weapon in hands) b - an uncursed +1 yumi (alternate weapon; not wielded) d - 14 blessed +0 ya (in quiver) Armor n - a blessed +2 gray dragon scale mail (being worn) q - a blessed fireproof +2 pair of speed boots (being worn) r - an uncursed burnt +0 pair of yugake (being worn) s - an uncursed +3 helm of brilliance (being worn) E - an uncursed +0 pair of levitation boots T - an uncursed +0 mummy wrapping Scrolls P - an uncursed scroll of teleportation Potions g - an uncursed potion of extra healing Rings j - an uncursed ring of poison resistance k - an uncursed ring of cold resistance x - a blessed +3 ring of protection (on right hand) z - a blessed +1 ring of increase damage (on left hand) H - an uncursed ring of conflict K - an uncursed ring of poison resistance Wands c - an uncursed wand of opening (0:5) h - an uncursed wand of make invisible (0:8) i - an uncursed wand of cancellation (0:2) l - an uncursed wand of create monster (0:15) p - an uncursed wand of death (0:6) t - an uncursed wand of magic missile (0:6) u - an uncursed wand of enlightenment (0:1) w - an uncursed wand of speed monster (0:7) D - an uncursed wand of speed monster (0:7) G - an uncursed wand of death (0:6) O - an uncursed wand of magic missile (0:4) R - an uncursed wand of striking (0:3) U - an uncursed wand of teleportation (0:5) V - an uncursed wand of cancellation (0:8) X - an uncursed wand of sleep (0:7) Z - an uncursed wand of fire (0:4) Tools f - an uncursed blindfold o - a blessed greased bag of holding v - an uncursed skeleton key A - the uncursed Bell of Opening (0:3) L - an uncursed tinning kit (0:74) Q - a cursed -1 unicorn horn Y - an uncursed stethoscope Gems m - an uncursed aquamarine stone M - a blessed touchstone N - a blessed luckstone Contents of the bag of holding: 2452 gold pieces an uncursed amulet of strangulation the blessed rustproof +0 Excalibur an uncursed +0 silver saber 35 uncursed +2 ya an uncursed +0 Hawaiian shirt an uncursed +2 elven cloak an uncursed +0 pair of jumping boots an uncursed +1 robe 11 uncursed C-rations 17 uncursed K-rations an uncursed cram ration 3 uncursed lembas wafers an uncursed lizard corpse an uncursed sprig of wolfsbane an uncursed tripe ration 2 uncursed scrolls of blank paper 3 uncursed scrolls of confuse monster 2 blessed scrolls of create monster 4 uncursed scrolls of create monster a cursed scroll of create monster a cursed scroll of destroy armor an uncursed scroll of earth an uncursed scroll of enchant armor a cursed scroll of enchant armor an uncursed scroll of enchant weapon 3 uncursed scrolls of food detection an uncursed scroll of identify an uncursed scroll of light an uncursed scroll of scare monster a blessed scroll of taming a blessed scroll of teleportation 5 uncursed scrolls of teleportation 2 cursed scrolls of teleportation 2 uncursed scrolls of water a blessed spellbook of levitation a cursed potion of extra healing 2 uncursed potions of gain energy an uncursed potion of healing 2 cursed potions of healing an uncursed potion of invisibility an uncursed potion of levitation an uncursed potion of paralysis an uncursed potion of restore ability a blessed potion of sleeping a cursed potion of sleeping an uncursed potion of speed 3 uncursed potions of water an uncursed ring of shock resistance an uncursed wand of cold (0:6) an uncursed wand of cold (0:2) an uncursed wand of create monster (0:15) an uncursed rustproof wand of create monster (0:12) an uncursed wand of create monster (0:11) an uncursed wand of death (0:3) an uncursed wand of digging (0:7) an uncursed fireproof wand of digging (0:6) an uncursed wand of digging (0:6) an uncursed wand of digging (0:5) an uncursed wand of digging (0:3) an uncursed wand of enlightenment (0:13) an uncursed wand of enlightenment (0:11) an uncursed wand of light (0:15) a cursed wand of light (0:13) an uncursed wand of light (0:11) an uncursed wand of magic missile (0:5) an uncursed wand of polymorph (0:8) an uncursed wand of polymorph (0:2) an uncursed wand of secret door detection (0:11) an uncursed wand of sleep (0:7) an uncursed wand of sleep (0:4) an uncursed wand of sleep (0:2) an uncursed wand of striking (0:8) an uncursed wand of striking (0:5) an uncursed wand of striking (0:4) an uncursed wand of striking (0:1) an uncursed wand of teleportation (0:4) an uncursed wand of teleportation (0:4) an uncursed wand of teleportation (0:4) an uncursed bugle an uncursed horn of plenty (0:15) an uncursed leather drum an uncursed magic marker (0:78) an uncursed magic marker (0:40) an uncursed magic whistle an uncursed +0 pick-axe 7 blessed tallow candles (0:200) an uncursed +0 unicorn horn 4 uncursed fluorite stones an uncursed ruby an uncursed iron chain Spells and supernatural/magical abilities: Name Level Category Fail Memory a - force bolt 1 attack 50% 28% i - invisibility 4 escape 100% 19% l - light 1 divination 50% 14% z - sleep 1* enchantment 50% 0% W - pray for help -- divine ? -- Your skills at the end: Fighting Skills martial arts [Basic] Weapon Skills short sword [Basic] long sword [Skilled] two-handed sword [Skilled] bow [Expert] Spellcasting Skills Final Attributes: You were piously aligned. You were fire resistant. You were cold resistant. You were sleep resistant. You were shock resistant. You were poison resistant. You were magic-protected. You were telepathic. You were invisible. You were stealthy. You aggravated monsters. You had a +1 damage bonus. You were protected. You were very fast. You had reflection. You were extremely lucky. You had extra luck. Good luck did not time out for you. You survived. Vanquished creatures: Juiblex 2 mammoths Medusa a master lich a glass golem a balrog a silver dragon 2 red dragons 4 white dragons 2 orange dragons a blue dragon 4 minotaurs 2 jabberwocks Ashikaga Takauji 2 baluchitheria a demilich a master mind flayer 2 Olog-hai a sandestin 4 titanotheres 3 trappers 5 vampire lords 3 captains 6 liches 3 water trolls 2 clay golems 2 nurses an ice devil 3 nalfeshnees 2 lurkers above 2 frost giants an ettin a golden naga 4 black puddings 10 vampires 18 ghosts 8 lieutenants 3 samurai a valkyrie a queen bee a winged gargoyle 2 mind flayers 2 giant mimics 2 fire giants 2 ogre kings 5 rock trolls 2 umber hulks an Elvenking 5 doppelgangers 7 hezrous 5 bone devils 4 large mimics 2 wumpuses 3 long worms 28 stalkers 3 air elementals an earth elemental 2 hill giants 3 giant mummies a black naga 4 xorns 6 giant zombies an elf-lord 8 sergeants 3 vrocks 4 wargs 9 small mimics 2 island nymphs 3 glass piercers 7 warhorses a xan 2 ettin mummies 2 ogre lords 6 quantum mechanics 15 trolls a sasquatch 3 mariliths a shark 3 gelatinous cubes a pyrolisk 3 large dogs 2 freezing spheres 5 flaming spheres a shocking sphere 4 tigers 2 gargoyles a dwarf king an ochre jelly 5 leocrottas an energy vortex 3 mountain centaurs 4 elf mummies 2 human mummies 3 red nagas a green slime a pit viper a python 2 cobras 15 wraiths 9 ettin zombies 3 leather golems 4 Grey-elves 52 soldiers 5 succubi 4 incubi 3 chameleons 2 crocodiles 4 giant beetles 4 quivering blobs 5 cockatrices 56 wolves 5 winter wolf cubs a panther 3 gremlins 7 leprechauns 5 mountain nymphs an orc-captain 3 iron piercers 3 mumakil a giant spider 4 scorpions a horse an ice vortex 3 black lights 3 vampire bats a forest centaur 5 gnome kings 4 orc mummies a dwarf mummy 2 ogres 3 brown puddings 8 rust monsters an owlbear 3 yetis a gold golem 5 werewolves 13 Green-elves a giant eel 7 lizards 14 ninja 4 roshis 3 chickatrices 5 dingos 4 jaguars a dwarf lord 2 water nymphs a gray unicorn a black unicorn 4 dust vortices 5 ravens 4 gnome mummies 10 apes 23 human zombies 3 rope golems 3 Woodland-elves 12 soldier ants 3 fire ants 4 bugbears 2 imps 2 quasits a wood nymph 6 Mordor orcs 3 orc shamans 4 rock piercers 2 rock moles a pony 2 fog clouds 10 yellow lights 2 shriekers 3 violet fungi 14 gnome lords 6 gnomish wizards a kobold mummy a black naga hatchling 2 golden naga hatchlings 9 gray oozes a barrow wight 17 elf zombies 6 ghouls a straw golem 2 paper golems 12 giant ants a little dog 7 floating eyes 7 dwarves 2 homunculi 3 kobold lords 3 kobold shamans 3 hill orcs 7 rothes a rabid rat a centipede 6 giant bats 5 monkeys 7 orc zombies 16 dwarf zombies 2 wererats 3 werejackals 8 iguanas 40 killer bees 6 acid blobs 6 coyotes 6 gas spores 9 hobbits 4 large kobolds 4 hobgoblins 8 giant rats 6 cave spiders a brown mold 2 yellow molds 2 green molds 2 red molds 65 gnomes 9 garter snakes 11 manes 8 gnome zombies 7 geckos 7 jackals 3 foxen 4 kobolds 2 goblins 2 sewer rats 3 grid bugs 5 bats 4 lichens 8 kobold zombies 14 newts 1127 creatures vanquished. Voluntary challenges: You used a wielded weapon 2471 times, starting on turn 27. You read items or engraved 83 times, starting on turn 469. You never genocided any monsters. You polymorphed 7 items, starting on turn 25268. You changed form 1 time, starting on turn 32458. You completed Sokoban on turn 6964, according to the rules. You used 5 wishes, starting on turn 1285. You did not wish for any artifacts. You split 4 puddings, starting on turn 16977. You wrote Elbereth's name 24 times, starting on turn 1926. You violated your moral code, losing 4 points of alignment, starting on turn 6815. Dungeon overview: The Dungeons of Doom: levels 1 to 28 Level 1 a long staircase Level 2 a general store stairs to The Gnomish Mines Level 3 Level 4 a fountain Level 5 Level 6 some fountains Level 7 many fountains Level 8 a fountain stairs to Sokoban Level 9 Level 10 Level 11 a temple to Raijin, some fountains Level 12 a sink Level 13 portal to The Quest Level 14 a fountain Level 15 Level 16 Level 17 Level 18 Level 19 Level 20 Level 21 a temple to Amaterasu Omikami Level 22 a general store Level 23 Level 24 Level 25 Level 26 Level 27 Level 28 a fountain Gehennom: levels 29 to 35 Level 29 a temple to Moloch stairs to The Dungeons of Doom Level 30 Level 31 Level 32 Level 33 a fountain Level 34 <- You were here Level 35 The Gnomish Mines: levels 3 to 10 Level 3 stairs to The Dungeons of Doom Level 4 Level 5 Level 6 many shops, a temple to Susanowo, some fountains Level 7 Level 8 Level 9 Level 10 The Quest: levels 1 to 5 Level 1 portal to The Dungeons of Doom Level 2 Level 3 Level 4 Level 5 Sokoban: levels 4 to 7 Level 4 Level 5 Level 6 Level 7 stairs to The Dungeons of Doom History has recorded: On T:1 you entered the Dungeons of Doom to retrieve the Amulet of Yendor! On T:242 you reached level 2 of The Dungeons of Doom. On T:290 you reached level 1 of The Gnomish Mines. On T:358 you reached level 3 of The Dungeons of Doom. On T:503 you advanced to experience level 2. On T:550 you advanced to experience level 3. On T:655 you reached level 2 of The Gnomish Mines. On T:661 you advanced to experience level 4. On T:703 you advanced to experience level 5. On T:771 you reached level 3 of The Gnomish Mines. On T:970 you advanced to experience level 6. On T:1036 you reached level 4 of The Gnomish Mines. On T:1285 you wished for "blessed greased +2 gray dragon scale mail". On T:2077 you reached level 4 of The Dungeons of Doom. On T:2205 you advanced to experience level 7. On T:2233 you reached level 5 of The Dungeons of Doom. On T:2781 you reached level 6 of The Dungeons of Doom. On T:2872 you reached level 7 of The Dungeons of Doom. On T:3635 you reached level 4 of Sokoban. On T:4648 you advanced to experience level 8. On T:5051 you reached level 3 of Sokoban. On T:5824 you reached level 2 of Sokoban. On T:6151 you reached level 1 of Sokoban. On T:6964 you entered the Sokoban zoo. On T:7501 you reached level 9 of The Dungeons of Doom. On T:7822 you reached level 10 of The Dungeons of Doom. On T:7968 you advanced to experience level 9. On T:8111 you reached level 11 of The Dungeons of Doom. On T:8555 you reached level 12 of The Dungeons of Doom. On T:8623 you reached level 13 of The Dungeons of Doom. On T:8983 you reached level 1 of The Quest. On T:9837 you reached level 14 of The Dungeons of Doom. On T:10050 you reached level 15 of The Dungeons of Doom. On T:10202 you advanced to experience level 10. On T:10402 you reached level 16 of The Dungeons of Doom. On T:11731 you reached level 17 of The Dungeons of Doom. On T:12059 you reached level 18 of The Dungeons of Doom. On T:12161 you reached level 19 of The Dungeons of Doom. On T:12475 you reached level 20 of The Dungeons of Doom. On T:12628 you advanced to experience level 11. On T:13804 you reached level 5 of The Gnomish Mines. On T:14003 you reached level 6 of The Gnomish Mines. On T:14332 you reached level 7 of The Gnomish Mines. On T:14544 you reached level 8 of The Gnomish Mines. On T:14847 you advanced to experience level 12. On T:16560 you reached level 21 of The Dungeons of Doom. On T:17066 you received Snickersnee from Amaterasu Omikami. On T:18720 you reached level 22 of The Dungeons of Doom. On T:19177 you reached level 23 of The Dungeons of Doom. On T:19811 you reached level 24 of The Dungeons of Doom. On T:19812 you killed Medusa on level 24 of The Dungeons of Doom. On T:19819 you reached level 26 of The Dungeons of Doom. On T:19820 you reached level 27 of The Dungeons of Doom. On T:19986 you reached level 25 of The Dungeons of Doom. On T:23037 you reached The Castle. On T:24253 you wished for "blessed greased bag of holding". On T:24275 you advanced to experience level 13. On T:24276 you wished for "blessed fixed greased +2 cloak of displacement". On T:24281 you wished for "blessed fixed +2 speed boots". On T:24347 you wished for "uncursed magic marker". On T:24420 you reached The Valley of the Dead. On T:25376 you advanced to experience level 14. On T:26274 you received Dragonbane from Amaterasu Omikami. On T:27166 you reached level 2 of Gehennom. On T:27192 you reached level 3 of Gehennom. On T:27249 you reached level 5 of Gehennom. On T:27252 you reached level 4 of Gehennom. On T:28604 you embarked upon an epic quest. On T:28661 you reached level 2 of The Quest. On T:29093 you reached level 3 of The Quest. On T:29242 you reached level 4 of The Quest. On T:29453 you reached level 5 of The Quest. On T:29639 you killed Ashikaga Takauji on level 5 of The Quest. On T:29846 you completed the quest! On T:30370 you advanced to experience level 15. On T:30962 you killed Juiblex on level 3 of Gehennom. On T:32016 you reached level 6 of Gehennom. On T:32177 you reached level 7 of Gehennom. On T:32455 you advanced to experience level 16. Score breakdown: Gold: 2452 ( 245 points) Experience: 16 levels ( 1500 points) Exploration: 35 levels ( 1020 points) Discoveries: 98 items ( 2000 points) Variety of kills: 227 monsters ( 2000 points) Major goal: finished the Quest ( 2000 points) Survival: quit (score multiplied by 3) Total score: 26295 Latest messages: To quit the game, use the 'save' command (typically on 'S'). Final status: Sayonara Steven the Samurai, quit... You quit in Gehennom on dungeon level 34 with 26295 points, and 2452 pieces of gold, after 33125 moves. You were level 16 with a maximum of 153 hit points when you quit.